 Dungeon Crawl Stone Soup version 0.26.0-11-g8f856b5395 (webtiles) character file.

Game seed: 3208672044287034610

191 TreeFish the Sneak (level 6, -4/41 HPs)
             Began as a Human Enchanter on Jan 15, 2021.
             Slain by a scorpion (5 damage)
             ... on level 4 of the Dungeon.
             The game lasted 00:10:39 (4917 turns).

TreeFish the Sneak (Human Enchanter)                Turns: 4917, Time: 00:10:39

Health: -4/41      AC:  4    Str:  9    XL:     6   Next: 2%
Magic:  10/10      EV: 10    Int: 15    God:
Gold:   148        SH:  6    Dex: 15    Spells: 7/10 levels left

rFire    x . .     SeeInvis .   a - +1 dagger
rCold    + . .     Faith    .   x - +0 kite shield
rNeg     . . .     Spirit   .   m - +0 leather armour
rPois    .         Reflect  .   (no helmet)
rElec    .         Harm     .   (no cloak)
rCorr    .         Rampage  .   n - +0 pair of gloves
Will     .....                  (no boots)
Stlth    ++........             l - amulet of magic regeneration
HPRegen  0.13/turn              g - ring of ice
MPRegen  0.37/turn              (no ring)

@: flying (expiring)
A: blurry vision 1, MP-powered wands
a: no special abilities


You were on level 4 of the Dungeon.
You visited 1 branch of the dungeon, and saw 4 of its levels.

You collected 148 gold pieces.

Inventory:

Hand Weapons
 a - a +1 dagger (weapon)
 v - a +0 dagger of draining
Missiles
 b - 94 stones
 c - 8 poisoned darts
 w - a throwing net
Armour
 m - a +0 leather armour (worn)
 n - a +0 pair of gloves (worn)
 x - a +0 kite shield (worn)
Magical Staves
 h - an uncursed staff of air
Jewellery
 g - a ring of ice (left hand)
 l - an amulet of magic regeneration (around neck)
Wands
 p - a wand of flame (22)
 y - a wand of random effects (14)
Scrolls
 d - 6 scrolls of identify {unknown}
 f - 4 scrolls of remove curse {unknown}
 i - a scroll of blinking {unknown}
 j - 2 scrolls of teleportation {unknown}
 k - a scroll of amnesia {unknown}
 r - a scroll of noise {unknown}
 s - a scroll of fear {unknown}
 t - a scroll of enchant armour {unknown}
Potions
 e - a potion of flight
 z - a potion of resistance {unknown}
 A - a potion of heal wounds {unknown}


   Skills:
 + Level 2.4 Short Blades
 + Level 3.0 Dodging
 + Level 4.0 Stealth
 + Level 0.2 Shields
 + Level 2.8 Spellcasting
 + Level 3.8 Hexes


You had 7 spell levels left.
You knew the following spells:

 Your Spells              Type           Power        Failure   Level
a - Corona                Hex            14%          38%         1
s - Ensorcelled Hibernat  Hex/Ice        22%          80%         2

Your spell library contained the following spells:

 Spells                   Type           Power        Failure   Level
 Confusing Touch          Hex            13%          77%         3
 Tukima's Dance           Hex            13%          77%         3
 Dazzling Flash           Conj/Hex       14%          95%         3


Dungeon Overview and Level Annotations

Branches:
Dungeon (4/15)
 Temple: D:4-7

Altars:
Elyvilon
Makhleb
Yredelemnul


Innate Abilities, Weirdness & Mutations

Scrolls take you a little longer to read.
You expend magic power (3 MP) to strengthen your wands.


Message History

The scorpion is moderately wounded.
The scorpion stings you.
* * * LOW HITPOINT WARNING * * *
You completely miss the scorpion.
The scorpion is moderately wounded.
You are starting to lose your buoyancy.
The scorpion misses you.
You hit the scorpion but do no damage.
The scorpion is lightly wounded.
The scorpion stings you.
* * * LOW HITPOINT WARNING * * *
It was a potion of mutation.
You feel extremely strange.
Your vision blurs.
You feel your magical essence link to the dungeon's wands.
The scorpion stings you.
* * * LOW HITPOINT WARNING * * *
Really read with blurry vision while enemies are nearby?
You begin reading the scroll.
You continue reading the scroll.
The scorpion stings you.
You die...

..#.....##......#
#.....###.#...#
..........# #.#...# .
####.####.###.#...###..##
... #.....#.......... #..
... #.........####.## #.
....#.#####...# =
_=....#####...#
#.....s@..#
#..####........ #..
#.#.##### #.. #.#.# ...
#.#.# #### #.#.# #.# #.#


You could see a scorpion.

Vanquished Creatures
  Natasha (thrice) (D:2)
  2 adders (D:3)
  An ooze (D:3)
  2 worms
  2 dart slugs
  3 leopard geckos
  8 orcs
  2 giant cockroaches (D:1)
  6 hobgoblins
  6 jackals
  3 quokkas
  A ball python (D:3)
  A ball python skeleton (D:4)
  7 bats
  4 frilled lizards
  10 goblins
  4 kobolds (D:1)
  11 rats
  A spectral orc (D:2)
77 creatures vanquished.

Notes
Turn   | Place    | Note
-------+----------+-------------------------------------------
     0 | D:1      | TreeFish the Human Enchanter began the quest for the Orb.
     0 | D:1      | Reached XP level 1. HP: 13/13 MP: 3/3
   293 | D:1      | Reached XP level 2. HP: 19/19 MP: 5/5
   296 | D:1      | Learned a level 2 spell: Ensorcelled Hibernation
   978 | D:1      | Reached XP level 3. HP: 24/24 MP: 6/6
  2427 | D:2      | Noticed Natasha
  2435 | D:2      | Killed Natasha
  2436 | D:2      | Reached XP level 4. HP: 19/30 MP: 7/7
  2454 | D:2      | Noticed Natasha
  2625 | D:2      | Found a basalt altar of Yredelemnul.
  2755 | D:2      | Killed Natasha
  2972 | D:2      | Reached XP level 5. HP: 35/35 MP: 5/8
  3416 | D:2      | Noticed Natasha
  3422 | D:2      | Killed Natasha
  4384 | D:3      | Reached skill level 4 in Stealth
  4536 | D:3      | Found a white marble altar of Elyvilon.
  4554 | D:3      | Reached XP level 6. HP: 31/41 MP: 10/10
  4876 | D:4      | Found a burning altar of Makhleb.
  4914 | D:4      | HP: 2/41 [scorpion (6)]
  4915 | D:4      | Gained mutation: Scrolls take you a little longer to read.
                  | [potion of mutation]
  4915 | D:4      | Gained mutation: You expend magic power (3 MP) to
                  | strengthen your wands. [potion of mutation]
  4917 | D:4      | Slain by a scorpion

Illustrated notes

Levels and vault maps discovered:
D:1:      minmay_arrival_glassed_features, layout_loops_corners
D:2:      layout_rooms, yredelemnul_forgotten_temple_becter,
          grunt_ministairs_15, minmay_misc_feat_secret_circle,
          supply_closet_lemuel, uniq_natasha
D:3:      layout_basic, elyvilon_altar_1, minmay_misc_feat_four_crosses,
          nicolae_underground_beach
D:4:      layout_basic, old_standard_altar, minmay_misc_feat_pillars

Skill      XL: |  1  2  3  4  5 |
---------------+----------------+-----
Short Blades   | 2 |  2.4
Dodging        | 3 |  3.0
Stealth        | 4 |  4.0
Shields        | |  0.2
Spellcasting   | |  2.8
Hexes          | |  3.8

Action                   |  1- 3 |  4- 6 || total
-------------------------+-------+-------++-------
Melee: Dagger            |   141 |   228 ||   369
 Cast: Ensorcelled Hiber |     5 |    14 ||    19
       Corona            |       |     1 ||     1
  Use: Potion            |       |     4 ||     4
 Stab: Sleeping          |    11 |    16 ||    27
       Distracted        |       |     1 ||     1
Armor: Robe              |    16 |     7 ||    23
       Leather armour    |       |    43 ||    43
Dodge: Dodged            |    71 |   136 ||   207
Block: Kite shield       |       |    16 ||    16
